Map: Acid Plant LE

Players

Neeb - Winner!

  • Race: Protoss Protoss
  • Spawn Location: 5:00

Semper

  • Race: Terran Terran
  • Spawn Location: 11:00

Event: WCS Montreal 2018

VOD

Have the link to the VOD?

Description

Time

  • Played on: Sept. 7, 2018, 6:44 p.m.
  • Length: 23:06

All games in this series

Show
View Real Time Build Order
Export as new Build Order

Neeb Protoss - Winner!

Build Orders: 1 Gate Expand, Oracle Opening 

Get SALT Encoding   

  12  0:00  Probe  
  13  0:12  Probe  
  14  0:18  Pylon  
  14  0:24  Probe  
  15  0:34  Probe  
  15  0:39  Gateway  
  15  0:42  Probe  
  16  0:47  Assimilator  
  17  0:51  Probe  
  18  1:03  Probe  
  19  1:15  Probe  
  20  1:26  Cybernetics Core  
  20  1:34  Nexus  
  20  1:37  Probe  
  21  1:43  Pylon  
  21  1:49  Probe  
  21  1:51  Assimilator  
  21  1:53  Adept  
  22  2:01  Probe  
  23  2:04  Warp Gate  
  25  2:12  Adept  
  25  2:13  Probe  
  28  2:25  Probe  
  29  2:37  Probe  
  29  2:39  Stargate  
  31  2:44  Adept  
  31  2:47  Probe  
  31  2:49  Probe  
  33  2:59  Probe  
  33  3:01  Probe  
  35  3:05  Gateway  
  35  3:11  Probe  
  36  3:13  Probe  
  36  3:14  Oracle  
  37  3:23  Probe, Pylon  
  37  3:25  Probe  
  42  3:35  Probe  
  42  3:38  Probe, Pylon  
  44  3:41  Oracle  
  44  3:47  Probe  
  43  3:50  Probe  
  43  3:55  Gateway  
  45  4:00  Probe  
  45  4:02  Probe  
  47  4:10  Phoenix  
  47  4:12  Probe  
  47  4:14  Probe  
  49  4:22  Nexus  
  49  4:23  Assimilator  
  49  4:24  Probe, Pylon  
  49  4:25  Assimilator  
  49  4:27  Probe, Phoenix  
  53  4:40  Probe, Stalker  
  53  4:41  Stalker  
  53  4:44  Pylon  
  57  4:48  Probe  
  57  4:52  Probe  
  59  4:55  Pylon  
  59  4:58  Phoenix  
  58  5:04  Probe  
  60  5:07  Stalker x2  
  60  5:11  Stalker  
  60  5:12  Probe  
  66  5:15  Phoenix  
  66  5:18  Probe  
  67  5:24  Probe  
  70  5:28  Twilight Council  
  70  5:31  Probe, Forge  
  70  5:34  Probe  
  72  5:36  Probe  
  72  5:37  Sentry  
  75  5:43  Probe  
  75  5:46  Probe  
  75  5:48  Probe, Protoss Ground Weapons Level 1, Blink  
  78  5:55  Probe  
  79  5:57  Robotics Facility  
  79  5:58  Probe  
  79  6:00  Probe, Pylon  
  81  6:04  Gateway  
  81  6:06  Gateway  
  81  6:11  Probe  
  82  6:12  Probe  
  79  6:20  Probe  
  79  6:23  Probe, Gateway  
  79  6:24  Pylon  
  81  6:33  Probe  
  81  6:34  Probe  
  81  6:35  Probe  
  81  6:37  Assimilator  
  81  6:38  Sentry x2  
  81  6:39  Observer  
  88  6:41  Stalker, Pylon  
  88  6:42  Assimilator  
  88  6:45  Probe, Pylon  
  88  6:46  Probe  
  93  6:50  Shield Battery  
  93  6:51  Gateway  
  93  6:55  Gateway  
  93  7:00  Robotics Bay  
  93  7:01  Pylon  
  93  7:04  Pylon  
  93  7:06  Pylon  
  93  7:07  Observer  
  94  7:09  Shield Battery  
  94  7:10  Pylon  
  94  7:17  Adept x2  
  94  7:19  Stalker x2  
  94  7:21  Stalker  
  104  7:23  Pylon  
  104  7:25  Pylon  
  104  7:26  Pylon  
  104  7:30  Stalker  
  104  7:36  Protoss Ground Armor Level 1  
  106  7:41  Charge  
  106  7:42  Stalker x4  
  114  7:48  Pylon  
  112  8:00  Colossus  
  112  8:03  Probe  
  112  8:04  Probe  
  105  8:05  Probe  
  106  8:15  Probe  
  106  8:16  Probe  
  106  8:18  Probe  
  109  8:27  Extended Thermal Lance, Probe  
  109  8:28  Probe  
  109  8:30  Stalker x3  
  109  8:33  Probe  
  118  8:39  Probe  
  118  8:40  Probe  
  119  8:44  Colossus  
  119  8:45  Probe, Stalker x3  
  119  8:46  Stalker  
  122  8:51  Probe  
  122  8:53  Probe  
  110  8:57  Probe  
  111  9:03  Probe  
  111  9:06  Probe  
  110  9:15  Probe  
  110  9:16  Protoss Ground Weapons Level 2  
  110  9:19  Pylon  
  110  9:23  Colossus, Forge  
  110  9:33  Stalker x4  
  123  9:43  Stalker x2  
  123  9:44  Stalker  
  127  10:01  Stalker x5  
  127  10:02  Probe  
  127  10:03  Probe  
  140  10:14  Nexus  
  138  10:16  Stalker  
  139  10:25  Stalker x3  
  144  10:32  Protoss Ground Armor Level 2  
  144  10:34  Probe x2  
  140  10:35  Colossus  
  140  10:38  Probe  
  147  10:45  Assimilator  
  147  10:46  Probe  
  147  10:48  Assimilator  
  146  10:50  Probe  
  146  10:55  Probe  
  148  10:57  Stalker  
  148  10:58  Stalker  
  148  10:59  Sentry x2  
  156  11:08  Fleet Beacon  
  156  11:11  Stargate  
  156  11:13  Stargate  
  156  11:25  Oracle, Observer  
  159  11:27  Pylon  
  159  11:31  Nexus  
  160  11:40  Stalker  
  160  11:41  Stalker x2  
  166  11:50  Observer  
  166  11:53  Stalker x4  
  175  12:04  Tempest  
  175  12:05  Tempest  
  169  12:14  Tempest  
  185  12:18  Protoss Ground Weapons Level 3  
  185  12:24  Disruptor  
  185  12:25  Assimilator, Probe  
  185  12:26  Probe  
  185  12:27  Probe  
  185  12:29  Assimilator  
  188  12:31  Pylon  
  191  12:50  Tempest  
  197  12:55  Observer  
  181  13:10  Tempest x2  
  191  13:18  Protoss Ground Armor Level 3  
  191  13:25  Photon Cannon  
  191  13:26  Templar Archives, Photon Cannon  
  191  13:28  Photon Cannon  
  191  13:29  Photon Cannon  
  191  13:34  Stalker x4  
  199  13:49  Photon Cannon x2  
  199  13:50  Photon Cannon  
  199  13:51  Photon Cannon x2  
  199  13:52  Photon Cannon  
  199  13:54  Photon Cannon  
  190  14:06  Stalker x2  
  190  14:07  Stalker  
  190  14:09  Tempest  
  184  14:19  Disruptor  
  171  14:24  Sentry  
  171  14:25  Stalker x3, Sentry  
  167  14:45  Stalker x3  
  171  14:47  Disruptor  
  171  14:52  Stalker, Sentry x3  
  163  15:02  Stalker  
  163  15:03  Psionic Storm  
  147  15:14  Observer  
  142  15:16  Nexus  
  140  15:24  High Templar  
  140  15:25  High Templar x4  
  140  15:28  Disruptor  
  153  15:43  Assimilator  
  153  15:46  Observer  
  153  15:50  High Templar  
  153  15:53  Protoss Shields Level 1  
  155  15:59  Stalker x2  
  159  16:05  Nexus  
  157  16:19  Observer  
  157  16:25  Immortal  
  149  16:41  Protoss Air Weapons Level 1  
  149  16:47  Pylon  
  149  16:51  High Templar x2  
  149  16:53  Zealot x3  
  149  16:54  High Templar, Zealot x2  
  165  17:02  Colossus  
  170  17:31  Stalker  
  170  17:32  Stalker x6  
  170  17:36  Archon  
  184  17:42  Colossus  
  184  17:46  Assimilator  
  184  17:47  Assimilator  
  190  17:58  Protoss Shields Level 2  
  190  18:08  Robotics Facility  
  190  18:23  Pylon  
  190  18:24  Observer, Shield Battery  
  190  18:25  Shield Battery  
  190  18:29  Shield Battery  
  190  18:32  Observer  
  190  18:39  Nexus  
  190  18:41  Pylon  
  190  18:44  Protoss Air Weapons Level 2  
  190  18:47  Observer  
  191  19:16  Oracle  
  190  19:22  Archon x2  
  146  19:32  Stalker x8  
  141  19:42  Observer  
  131  19:51  Observer  
  125  19:57  Stalker x4  
  125  19:58  Stalker  
  135  20:05  Disruptor  
  135  20:06  Disruptor  
  141  20:09  Carrier  
  147  20:15  Tempest  
  153  20:27  High Templar  
  153  20:31  Stalker x2  
  153  20:32  Stalker  
  159  20:38  Probe x3  
  159  20:39  Probe x2  
  161  20:50  Probe x2  
  161  20:51  Probe x3, High Templar  
  168  21:14  Shield Battery, Nexus  
  168  21:17  Pylon  
  168  21:20  Zealot x7  
  168  21:41  Stalker x8  
  153  22:00  Probe x2  
  151  22:06  Archon  
  147  22:10  Probe  
  147  22:13  Stalker x8  
  158  22:38  Stalker x6  
  170  22:47  High Templar x2  
Show
View Real Time Build Order
Export as new Build Order

Semper Terran 

Build Orders: Gas First Reaper Expand, Liberator Opening, Reaper Expand, MMM Bio 

Get SALT Encoding   

  12  0:00  SCV  
  13  0:13  SCV  
  14  0:17  Supply Depot  
  14  0:25  SCV  
  14  0:27  Refinery  
  15  0:39  SCV  
  16  0:44  Barracks  
  16  0:51  SCV  
  17  1:03  SCV  
  18  1:15  SCV  
  19  1:30  Orbital Command  
  19  1:31  Reaper  
  20  1:48  Command Center  
  20  1:56  SCV  
  20  1:59  Factory  
  21  2:04  Barracks Reactor  
  21  2:08  SCV  
  22  2:14  Supply Depot  
  22  2:19  Refinery  
  22  2:20  SCV  
  23  2:36  SCV  
  24  2:48  Starport, SCV  
  24  2:51  Hellion x2  
  27  3:00  SCV  
  27  3:02  Supply Depot  
  28  3:12  Hellion  
  30  3:16  SCV  
  31  3:24  Hellion  
  33  3:33  Liberator  
  33  3:35  Widow Mine  
  33  3:44  SCV  
  33  3:47  Widow Mine  
  34  3:50  Orbital Command  
  37  3:56  SCV  
  36  4:08  SCV  
  39  4:10  Widow Mine  
  39  4:11  Barracks Tech Lab  
  39  4:16  Cyclone  
  42  4:17  SCV  
  42  4:20  SCV  
  44  4:29  SCV  
  44  4:30  Marine  
  44  4:31  Stimpack, Cyclone  
  46  4:32  SCV  
  50  4:41  SCV  
  50  4:44  Bunker, SCV  
  52  4:46  Barracks  
  52  4:48  Marine  
  52  4:49  Barracks  
  52  4:51  Supply Depot  
  53  4:53  SCV  
  53  4:57  Starport Tech Lab  
  54  5:06  Engineering Bay  
  54  5:12  Marine  
  54  5:13  SCV x2  
  57  5:14  Supply Depot  
  57  5:16  Factory Reactor  
  57  5:25  SCV x2  
  56  5:30  Marine  
  56  5:32  Starport Reactor  
  56  5:33  Missile Turret  
  56  5:34  Missile Turret  
  57  5:37  SCV x2  
  59  5:43  Terran Infantry Weapons Level 1, Command Center  
  59  5:46  Marine x3  
  59  5:48  Combat Shield  
  59  5:49  SCV x2  
  62  5:55  Marine  
  63  6:01  SCV x2  
  63  6:03  Widow Mine x2, Marine  
  70  6:14  Supply Depot  
  70  6:15  Refinery, Marine  
  70  6:16  Marauder, SCV x2  
  70  6:17  Marine  
  75  6:20  Medivac  
  73  6:28  SCV  
  73  6:32  Marine  
  76  6:33  Widow Mine x2  
  76  6:35  Marine  
  76  6:36  Marauder  
  76  6:37  Marauder, Supply Depot  
  83  6:41  SCV x2  
  83  6:43  Refinery  
  85  6:49  Marine  
  86  6:55  Orbital Command, Medivac x2  
  86  7:00  Barracks  
  90  7:03  SCV, Barracks  
  90  7:06  Marauder  
  93  7:10  Marine  
  93  7:11  Marauder, Concussive Shells  
  93  7:14  SCV  
  93  7:15  SCV  
  98  7:21  Orbital Command  
  98  7:23  Marine  
  98  7:25  Widow Mine x2  
  98  7:28  Marauder, Marine  
  106  7:32  Marauder  
  106  7:37  SCV  
  109  7:45  Marine  
  109  7:47  Terran Infantry Armor Level 1  
  109  7:48  Supply Depot  
  109  7:55  Marine  
  109  7:56  Marine  
  109  7:58  Marauder  
  107  8:00  Marine  
  107  8:01  SCV  
  107  8:03  Marine  
  107  8:04  SCV  
  107  8:06  Widow Mine  
  107  8:07  Widow Mine  
  107  8:09  Barracks Reactor  
  106  8:14  Marauder  
  106  8:16  Marine  
  106  8:17  SCV  
  106  8:18  SCV x2  
  106  8:19  Marauder  
  114  8:20  Supply Depot  
  114  8:21  Refinery, Supply Depot  
  114  8:22  Barracks Tech Lab  
  114  8:26  Marine  
  115  8:30  Widow Mine  
  117  8:35  Widow Mine  
  117  8:38  Marauder  
  117  8:40  Starport  
  117  8:41  Fusion Core  
  117  8:42  Marauder, Marine  
  117  8:43  Refinery, Marine  
  112  8:51  Marine  
  112  8:52  Marauder, Widow Mine, SCV x2, Marine  
  98  8:59  SCV  
  91  9:03  Marine x3, Medivac x2  
  91  9:04  SCV  
  91  9:05  Marine  
  91  9:09  Marine  
  98  9:11  SCV x2  
  100  9:20  SCV  
  101  9:25  Starport Tech Lab  
  101  9:26  Marauder x2, Marine x2  
  101  9:27  Marauder, Marine  
  101  9:29  Marine  
  101  9:30  SCV  
  112  9:33  Medivac x2  
  112  9:36  SCV  
  112  9:37  SCV  
  118  9:42  Armory, Liberator  
  118  9:43  Engineering Bay  
  118  9:44  Marine x2  
  118  9:45  Advanced Ballistics, Liberator  
  120  9:48  Marauder  
  120  9:50  Supply Depot x2  
  121  9:55  Marine x2  
  121  9:56  Marauder  
  121  9:58  Widow Mine x2  
  131  10:19  Liberator  
  131  10:20  Marine  
  130  10:24  Liberator  
  130  10:27  Marine  
  130  10:28  Marauder  
  130  10:30  Marine  
  130  10:31  Marauder  
  130  10:35  Marine  
  130  10:36  Marauder  
  130  10:37  Widow Mine x2  
  130  10:38  Marine  
  129  10:43  Terran Infantry Weapons Level 2  
  129  10:46  SCV x2, Marine  
  129  10:48  Marine  
  129  10:49  Marauder  
  134  10:52  Marauder  
  134  10:53  Marine  
  134  10:55  Liberator  
  137  10:57  Marauder, Command Center  
  137  11:00  SCV  
  137  11:01  Marine  
  141  11:04  Sensor Tower, Marine  
  141  11:06  Marine  
  143  11:13  Liberator  
  143  11:14  Marine  
  147  11:20  Supply Depot  
  149  11:34  Liberator  
  149  11:37  Terran Ship Weapons Level 1  
  149  11:38  Supply Depot x2  
  149  11:39  SCV, Liberator  
  149  11:40  Supply Depot  
  149  11:41  SCV  
  149  11:42  Liberator  
  149  11:43  Marauder x2, Marine x3  
  149  11:44  Marauder  
  162  12:00  Liberator  
  162  12:01  Supply Depot  
  159  12:11  Marine x2  
  159  12:12  Marauder x3, Marine  
  164  12:16  Liberator  
  167  12:31  Marine  
  167  12:33  Marauder  
  167  12:36  Marine  
  167  12:37  Marauder  
  176  12:50  Marauder, Marine  
  179  12:54  Marauder, Barracks  
  179  12:55  Barracks  
  179  12:58  Marauder  
  181  12:59  Sensor Tower  
  181  13:05  Terran Infantry Weapons Level 3, Liberator  
  175  13:08  Medivac  
  175  13:11  Marauder  
  175  13:16  Marauder  
  175  13:19  Marauder  
  179  13:22  Medivac  
  184  13:30  SCV x2  
  184  13:32  Planetary Fortress  
  186  13:38  Terran Infantry Armor Level 2  
  184  13:44  SCV x2  
  184  13:45  Refinery  
  184  13:46  Marauder x2, Marine  
  184  13:48  Refinery  
  183  13:52  Viking  
  182  14:03  Marine  
  182  14:04  Marauder, Marine x3  
  182  14:06  Viking x2  
  182  14:08  Marine  
  193  14:10  Barracks Tech Lab  
  192  14:20  Marine x2  
  192  14:21  Marine  
  192  14:22  Marine  
  186  14:25  Medivac  
  186  14:26  Marauder  
  184  14:32  Marine  
  184  14:35  Marine  
  184  14:37  Marauder, Marine  
  184  14:38  Marine  
  176  14:39  Marauder, Marine, Viking  
  176  14:40  Marine, Viking  
  179  14:47  Marine  
  179  14:49  Marine  
  172  14:55  Marauder  
  153  15:00  Marine x2  
  153  15:01  Marauder  
  153  15:02  Marine  
  153  15:04  Marine  
  116  15:07  Marine, Viking x2  
  116  15:09  Viking  
  116  15:12  Marine x2  
  116  15:16  Marauder  
  116  15:17  Viking  
  116  15:18  Marine x2  
  116  15:19  SCV  
  116  15:20  SCV x2, Marine  
  126  15:35  Marauder, Marine x2  
  126  15:36  Marauder x3  
  126  15:40  Viking, Medivac  
  138  15:42  Marauder  
  138  15:46  Marine  
  138  15:50  Marine  
  138  15:54  Viking  
  145  15:57  Marauder x2  
  145  15:58  Marine x4  
  149  16:06  Marauder, Marine  
  149  16:08  Marine  
  149  16:10  Medivac  
  149  16:11  Liberator x2  
  155  16:12  Viking  
  155  16:16  Marauder  
  146  16:29  Liberator  
  146  16:30  Ghost Academy  
  146  16:31  Marauder, Marine  
  147  16:39  Marauder x3, Marine  
  149  16:40  Medivac  
  149  16:41  Marine  
  155  16:53  Marauder, Marine  
  157  17:05  Ghost x2  
  157  17:07  Ghost  
  163  17:10  Marine x2, Medivac  
  163  17:11  Medivac  
  163  17:12  Orbital Command  
  168  17:22  Ghost  
  164  17:25  Marine x3  
  164  17:27  Liberator  
  164  17:28  Marine x2  
  169  17:34  Marauder, Marine, Medivac  
  169  17:36  Marine  
  171  17:43  Marine x2  
  171  17:44  Marauder, Medivac  
  171  17:51  Marauder, Viking  
  168  17:55  Marine x2  
  168  17:56  Marauder  
  168  17:57  Liberator  
  174  18:01  Marine x3  
  174  18:02  Marauder  
  174  18:04  Viking  
  178  18:13  Ghost  
  178  18:15  Ghost  
  178  18:17  Marine x2  
  187  18:32  Ghost  
  184  18:38  Ghost x2  
  184  18:39  Marine x4  
  190  18:42  Marauder  
  190  18:44  Marine  
  193  18:57  Marine x2  
  193  19:01  Marine x2  
  193  19:02  Marauder x2  
  196  19:12  Liberator x2  
  196  19:13  Medivac  
  196  19:15  Marine x5  
  197  19:19  Marine x2  
  175  19:25  Marine  
  175  19:28  Marine  
  175  19:30  Liberator  
  161  19:33  Marine x4  
  161  19:34  Marauder  
  161  19:36  Marine  
  161  19:37  Marine  
  147  19:43  Marine  
  124  19:46  Marine  
  124  19:51  Marine x4  
  127  19:54  Marine x2  
  127  19:55  Marauder  
  129  20:01  Liberator, Marine  
  129  20:03  Marine  
  130  20:08  Marine, Viking  
  130  20:09  Marauder x2, Marine  
  130  20:12  Marine x2, Viking  
  130  20:13  Liberator  
  141  20:16  Marauder  
  141  20:19  Marauder  
  143  20:22  Marauder  
  143  20:25  Liberator  
  143  20:26  Marine  
  143  20:27  Marine  
  138  20:30  Marine x3  
  138  20:31  Marauder  
  146  20:37  Marine  
  146  20:38  Medivac  
  146  20:39  Refinery x2  
  146  20:40  Marauder  
  151  20:43  Marine  
  151  20:44  Marine x2  
  151  20:48  Marine x2  
  151  20:49  Marauder  
  158  20:52  Marauder  
  158  20:56  Marauder  
  162  21:01  Marauder, Viking  
  165  21:10  Marine  
  165  21:17  Supply Depot x3  
  165  21:18  Orbital Command  
  165  21:27  Marauder  
  165  21:28  Marine x2  
  165  21:29  Marine x2, Viking  
  165  21:31  Marauder  
  159  21:33  Viking  
  159  21:34  Medivac  
  159  21:39  Medivac  
  159  21:40  Marine x2  
  139  21:51  Marine  
  120  21:59  Marine, Viking  
  120  22:00  Marauder, Marine x3  
  113  22:02  Marine x2  
  113  22:07  Marine  
  105  22:09  Marine  
  96  22:17  Marine x4  
  96  22:20  Marine x2  
  96  22:21  Marine  
  100  22:25  Marine  
  100  22:26  Marine  
  96  22:35  Marine x3  
  93  22:41  Marine  
  93  22:43  Marine  
  89  22:45  Marine  
Tags
 
Add a new tag
Caveats
  • Supply blocks, unpowered buildings, or Contaminate may cause inaccurate times.
  • Supply counts are checked every 10 seconds.